 Dungeon Crawl Stone Soup version 0.30.0-29-ga12c61a403 (webtiles) character file.

Game seed: 16416146275922316630

27014 Labrat the Destroyer (level 13, -16/103 HPs)
             Began as a Human Conjurer on June 15, 2023.
             Was an Elder of Vehumet.
             Demolished by a minotaur
             ... wielding the +3 falchion of Rotation {flame, rElec rCorr}
              (30 damage)
             ... in a Gauntlet.
             The game lasted 01:09:35 (16932 turns).

Labrat the Destroyer (Human Conjurer)              Turns: 16932, Time: 01:09:35

Health: -16/103    AC: 11    Str:  7    XL:     13   Next: 62%
Magic:  6/29       EV: 13    Int: 24    God:    Vehumet [****..]
Gold:   1010       SH:  0    Dex: 12    Spells: 6/37 levels left

rFire   . . .        P - +7 long sword "Rypsih" {elec, rC+ rN+}
rCold   + . .        (no shield)
rNeg    + . .        H - +0 steam dragon scales
rPois   .            B - +2 hat
rElec   .            u - +0 cloak
rCorr   +            (no gloves)
SInv    .            i - +1 pair of boots
Will    .....        I - amulet of the acrobat
Stlth   ++           G - ring of resist corrosion
HPRegen 0.37/turn    K - ring of flight
MPRegen 0.21/turn

%: no teleportation, acrobat
@: flying, studying Ice Magic
A: no striking features
a: Renounce Religion


You were in a Gauntlet.
You worshipped Vehumet.
Vehumet was greatly pleased with you.
You visited 3 branches of the dungeon, and saw 13 of its levels.
You also visited: Bailey, Gauntlet and Ice Cave.

You collected 1010 gold pieces.

Inventory:

Hand Weapons
 v - the +8 hammer "Goblinbane" {flame, Int+5 Dex+2}
   (You found it on level 3 of the Dungeon)

   Int:       It affects your intelligence (+5).
   Dex:       It affects your dexterity (+2).
 P - the +7 long sword "Rypsih" (weapon) {elec, rC+ rN+}
   (You found it on level 8 of the Dungeon)

   rC:        It protects you from cold.
   rN:        It protects you from negative energy.
 W - a +1 demon blade of freezing
Missiles
 y - 22 poisoned darts
 J - 2 curare-tipped darts
Armour
 b - a +3 scale mail of cold resistance
 i - a +1 pair of boots (worn)
 u - a +0 cloak (worn)
 B - a +2 hat (worn)
 H - +0 steam dragon scales (worn)
 R - a +0 tower shield of cold resistance
Magical Staves
 r - the staff of cold "Mytuikon" {rPois rC+ Will- Int+5 Stlth+}
   (You found it on level 3 of the Dungeon)

   [staff of cold]

   Base accuracy: +5 Base damage: 5 Base attack delay: 1.2 This weapon's minimum
   attack delay (0.6) is reached at skill level 12.
   Int:       It affects your intelligence (+5).
   rC:        It protects you from cold.
   rPois:     It protects you from poison.
   Will:      It decreases your willpower.
   Stlth:     It makes you more stealthy.
   It falls into the 'Staves' category.
   It is a one-handed weapon.
Jewellery
 o - the ring "Zongiopp" {*Slow rPois rF+ Int-3 SInv}
   (You found it in a Gauntlet)

   [ring of protection from fire]

   Int:       It affects your intelligence (-3).
   rF:        It protects you from fire.
   rPois:     It protects you from poison.
   SInv:      It lets you see invisible.
   *Slow:     It may slow you when you take damage.
 x - a ring of willpower
 G - a ring of resist corrosion (left hand)
 I - an amulet of the acrobat (around neck)
 K - a ring of flight (right hand)
 Y - a ring of magical power
Wands
 p - a wand of charming (11)
 T - a wand of digging (6)
 U - a wand of flame (15)
 X - a wand of mindburst (6)
Scrolls
 c - 5 scrolls of immolation
 d - a scroll of vulnerability
 k - 2 scrolls of amnesia
 q - 8 scrolls of teleportation
 s - a scroll of magic mapping {unknown}
 t - a scroll of enchant weapon {unknown}
 z - 2 scrolls of enchant armour
 D - 2 scrolls of blinking {unknown}
 F - 3 scrolls of fear
 L - 2 scrolls of fog
 M - a scroll of acquirement
 N - 3 scrolls of butterflies {unknown}
 V - 4 scrolls of poison {unknown}
Potions
 a - 7 potions of heal wounds
 e - 5 potions of attraction
 f - 8 potions of cancellation
 g - 6 potions of lignification
 h - 2 potions of degeneration {unknown}
 j - a potion of flight {unknown}
 l - 3 potions of haste {unknown}
 m - a potion of invisibility {unknown}
 n - 2 potions of might {unknown}
 w - 3 potions of resistance {unknown}
 A - a potion of berserk rage {unknown}
 C - 4 potions of curing {unknown}
 Q - a potion of ambrosia {unknown}
 S - a potion of brilliance {unknown}
Miscellaneous
 O - a box of beasts (inert)
 Z - a lightning rod (3/4)


   Skills:
 - Level 10.0 Fighting
 - Level 5.0 Armour
 - Level 5.0 Dodging
 - Level 2.0 Stealth
 + Level 12.8 Spellcasting
 + Level 12.9 Conjurations
 + Level 1.2 Summonings
 - Level 2.0 Translocations
 - Level 2.0 Fire Magic


You had 6 spell levels left.
You knew the following spells:

 Your Spells              Type           Power      Damage    Failure   Level
a - Magic Dart            Conj           100%       1d8       0%          1
b - Searing Ray           Conj           100%       2d8       1%          2
c - Iskenderun's Mystic   Conj/Tloc      50%        2d11      1%          4
d - Tukima's Dance        Hex            15%        N/A       12%         3
e - Volatile Blastmotes   Fire/Tloc      48%        2d14      1%          3
f - Arcjolt               Conj/Air       23%        1d33      2%          5
g - Fulminant Prism       Conj/Hex       23%        3d12      1%          4
h - Lee's Rapid Deconstr  Erth           7%         3d7*      28%         5
i - Summon Lightning Spi  Summ/Air       18%        N/A       30%         4

Your spell library contained the following spells:

 Spells                   Type           Power      Damage    Failure   Level
 Apportation              Tloc           48%        N/A       1%          1
 Dazzling Flash           Conj/Hex       92%        N/A       1%          3
 Hailstorm                Conj/Ice       46%        3d11      1%          3
 Blink                    Tloc           48%        N/A       2%          2
 Call Imp                 Summ           42%        N/A       3%          2
 Frozen Ramparts          Ice            30%        1d5       3%          3
 Cigotuvi's Dreadful Rot  Necr/Pois/Air  30%        N/A       6%          2
 Ensorcelled Hibernation  Hex/Ice        30%        N/A       6%          2
 Passwall                 Tmut/Erth      12%        N/A       6%          2
 Sublimation of Blood     Necr           15%        N/A       6%          2
 Wereblood                Tmut           15%        N/A       6%          2
 Vhi's Electric Charge    Tloc/Air       40%        N/A       8%          3
 Ozocubu's Armour         Ice            15%        N/A       12%         3
 Swiftness                Air            15%        N/A       12%         3
 Manifold Assault         Tloc           24%        N/A       17%         4
 Passage of Golubria      Tloc           24%        N/A       17%         4
 Yara's Violent Unravell  Hex/Tmut       7%         3d5       28%         5
 Summon Ice Beast         Ice/Summ       18%        N/A       30%         4
 Dispel Undead            Necr           15%        3d10      36%         4
 Ice Form                 Ice/Tmut       15%        N/A       36%         4
 Plasma Beam              Fire/Air       10%        2x1d23    67%         6
 Agony                    Necr           15%        N/A       73%         5
 Alistair's Intoxication  Tmut/Pois      10%        N/A       73%         5
 Metabolic Englaciation   Hex/Ice        7%         N/A       73%         5
 Silence                  Hex/Air        7%         N/A       73%         5
 Death Channel            Necr           7%         N/A       99%         6
 Simulacrum               Ice/Necr       7%         N/A       99%         6
 Spellforged Servitor     Conj/Summ      24%        N/A       41%         7
 Storm Form               Tmut/Air       7%         N/A       100%        7
 Summon Hydra             Summ           10%        N/A       100%        7


Dungeon Overview and Level Annotations

Branches:
Dungeon (11/15)            Temple (1/1) D:7            Lair (1/5) D:10
    Orc (0/2) D:11         Bailey (visited)           IceCv (visited)
Gauntlet (1/1)

Altars:
Ashenzari
Cheibriados
Dithmenos
Elyvilon
Fedhas
Gozag
Hepliaklqana
Kikubaaqudgha
Makhleb
Nemelex Xobeh
Okawaru
Qazlal
Ru
Sif Muna
Trog
Uskayaw
Vehumet
Wu Jian
Xom
Yredelemnul
Zin
The Shining One

Shops:
D:6 (

Annotations:
D:10 1 runed translucent door, dvd2's ghost, journeyman GrFi
Lair:1 3 runed translucent doors, u553311's ghost, journeyman MiCK Gauntlet 12 transporters, 21 runed translucent doors


Message History

The minotaur struggles against the net.
Your larval stingweird beast stings the minotaur but does no damage.
The minotaur struggles against the net.
The net rips apart, and the minotaur comes free!
You closely miss the minotaur.
The minotaur is moderately wounded.
Your larval stingweird beast stings the minotaur but does no damage.
The minotaur hits you with the +3 falchion of Rotation {flame, rElec rCorr}!!
* * * LOW HITPOINT WARNING * * *
The minotaur burns you.
* * * LOW HITPOINT WARNING * * *
The minotaur misses you.
Your larval stingweird beast barely misses the minotaur.
Casting: Fulminant Prism (mildly dangerous; 1% risk of failure)
Confirm with . or Enter, or press ? or * to list all spells.
Really blast near your larval stingweird beast?
Okay, then.
Casting: Iskenderun's Mystic Blast (mildly dangerous; 1% risk of failure)
Confirm with . or Enter, or press ? or * to list all spells.
Really blast near your larval stingweird beast?
Okay, then.
Unknown command.
Okay, then.
Casting: Iskenderun's Mystic Blast (mildly dangerous; 1% risk of failure)
Confirm with . or Enter, or press ? or * to list all spells.
Electricity surges outward!
The minotaur resists.
The minotaur is struck by an electric surge.
The minotaur is moderately wounded.
The hellion gives a hideous shriek!
The minotaur hits you with the +3 falchion of Rotation {flame, rElec rCorr}.
* * * LOW HITPOINT WARNING * * *
The minotaur burns you.
* * * LOW HITPOINT WARNING * * *
The minotaur gores you!
* * * LOW HITPOINT WARNING * * *
Your larval stingweird beast barely misses the minotaur.
As you read the scroll of fear, it crumbles to dust.
You assume a fearsome visage.
The minotaur easily resists.
The minotaur hits you with the +3 falchion of Rotation {flame, rElec rCorr}!!
You die...

.^.....^.#.#..##.##..#.#^#$#..#.x
..[:©?.R.#.#.2?.h[[..#.##^#.©[!^#
##########.###########.##########
.................................
.........§∩≈.....................
#################################
##≈.............H.§##8# #8# #8# #
##8..©.©.©.©.©.©..8#### ### ### #
#≈............H@.≈#
#####.###.###.##### #.# #.# #.#
.. .## .


H You could see a minotaur (ally target), a hellion, a hell hound and a friendly
larval stingweird beast (summoned).

Vanquished Creatures
  A frost giant (IceCv)
  2 hydras
  A two-headed ogre (D:10)
  Urug (D:11)
  A death yak (IceCv)
  A fire crab (Gauntlet)
  An orc knight (Bailey)
  An ugly thing (IceCv)
  A cyclops (D:11)
  A manticore (D:11)
  A black mamba (Lair:1)
  An ice statue (IceCv)
  Maggie (D:8)
  A torpor snail (Gauntlet)
  2 rime drakes (IceCv)
  A freezing wraith (D:9)
  2 ice devils (D:11)
  A hornet (D:11)
  A troll (D:11)
  12 polar bears
  2 shadows
  2 wraiths
  2 wyverns
  A steam dragon (D:6)
  39 yaks
  Eustachio (D:4)
  4 fire bats (Gauntlet)
  A basilisk (D:10)
  4 vampire mosquitoes (D:11)
  2 swamp worms (Gauntlet)
  5 water moccasins
  A sky beast (D:7)
  15 orc warriors
  3 ogres
  4 black bears
  16 wolves (IceCv)
  2 centaurs
  4 kobold brigands
  2 bullfrogs (D:7)
  A scorpion (D:5)
  13 wights (D:10)
  8 killer bees
  4 howler monkeys
  An electric eel (Lair:1)
  2 jellies (D:5)
  2 hounds
  5 orc priests
  Crazy Yiuf (D:3)
  Jessica (D:2)
  Terence (D:2)
  4 iguanas
  8 orc wizards
  2 sleepcaps
  10 adders
  8 gnolls
  2 white imps
  An ufetubus (D:6)
  A worm (D:3)
  A dart slug (D:1)
  29 orcs
  5 bats
  9 endoplasms
  A giant cockroach (D:3)
  22 goblins
  17 hobgoblins
  22 kobolds
  5 quokkas
  3 ball pythons (D:1)
  3 frilled lizards (D:1)
  3 rats
339 creatures vanquished.

Vanquished Creatures (collateral kills)
  An orc warlord (Bailey)
  An orc (Bailey)
2 creatures vanquished.

Vanquished Creatures (others)
  2 orc warriors (Bailey)
  A hound (D:6)
  3 orcs (D:6)
  15 fulminant prisms
21 creatures vanquished.

Grand Total: 362 creatures vanquished

Notes
Turn   | Place    | Note
-------+----------+-------------------------------------------
     0 | D:1      | Labrat the Human Conjurer began the quest for the Orb.
     0 | D:1      | Reached XP level 1. HP: 13/13 MP: 3/3
   207 | D:1      | Reached XP level 2. HP: 19/19 MP: 3/5
   210 | D:1      | Learned a level 2 spell: Searing Ray
   633 | D:1      | Reached XP level 3. HP: 19/24 MP: 1/6
  1348 | D:2      | Reached XP level 4. HP: 30/30 MP: 0/8
  1430 | D:2      | Noticed Terence
  1448 | D:2      | HP: 1/30 [Terence/+1 heavy flail (2)]
  1449 | D:2      | Killed Terence
  1630 | D:2      | Reached skill level 5 in Conjurations
  1866 | D:2      | Noticed Jessica
  1871 | D:2      | Killed Jessica
  1872 | D:2      | Reached XP level 5. HP: 35/35 MP: 2/10
  2471 | D:3      | Identified the staff of cold "Mytuikon" {rPois rC+ Will-
                  | Int+5 Stlth+}
  2761 | D:3      | Found a runed translucent door.
  2762 | D:3      | Noticed Crazy Yiuf
  2770 | D:3      | Killed Crazy Yiuf
  2774 | D:3      | Identified the +8 hammer "Goblinbane" {flame, Int+5 Dex+2}
  3071 | D:4      | Reached XP level 6. HP: 41/41 MP: 0/12
  3080 | D:4      | Found an ancient bone altar of Kikubaaqudgha.
  3167 | D:4      | Noticed a black bear
  3384 | D:4      | Noticed an ogre
  3393 | D:4      | Killed an ogre
  3525 | D:4      | Killed a black bear
  3526 | D:4      | Reached skill level 5 in Spellcasting
  3526 | D:4      | Reached XP level 7. HP: 46/46 MP: 7/14
  3654 | D:4      | Noticed Eustachio
  4274 | D:5      | Entered Level 5 of the Dungeon
  4703 | D:5      | Reached XP level 8. HP: 58/58 MP: 10/17
  4890 | D:5      | Found a glowing silver altar of Zin.
  4891 | D:5      | Found a glowing golden altar of the Shining One.
  4999 | D:5      | Found a stormy altar of Qazlal.
  5677 | D:5      | Reached skill level 5 in Fighting
  6334 | D:6      | Found Teliguwn's Weapon Shoppe.
  6516 | D:6      | Reached XP level 9. HP: 59/68 MP: 9/19
  6635 | D:6      | Learned a level 4 spell: Iskenderun's Mystic Blast
  6768 | D:7      | Reached skill level 1 in Translocations
  6891 | D:7      | Found a staircase to the Ecumenical Temple.
  6910 | Temple   | Entered the Ecumenical Temple
  6920 | Temple   | Became a worshipper of Vehumet
  7059 | D:7      | Found a hazy altar of Hepliaklqana.
  7558 | D:4      | Killed Eustachio
  7701 | D:8      | Reached skill level 1 in Armour
  7704 | D:8      | Reached XP level 10. HP: 70/74 MP: 1/22
  7828 | D:8      | Found a flagged portal.
  7882 | Bailey   | Entered a bailey
  7913 | Bailey   | Learned a level 3 spell: Tukima's Dance
  7972 | Bailey   | Reached * piety under Vehumet
  7972 | Bailey   | Offered knowledge of Foxfire by Vehumet.
  8416 | Bailey   | Noticed an orc knight
  8440 | Bailey   | Identified the +0 shortbow of Virtue {flame, Int+3}
  8527 | Bailey   | Killed an orc knight
  8738 | Bailey   | Noticed an orc warlord
  9043 | Bailey   | Killed an orc warlord
  9044 | Bailey   | Reached skill level 10 in Spellcasting
  9044 | Bailey   | Reached skill level 10 in Conjurations
  9044 | Bailey   | Reached XP level 11. HP: 80/80 MP: 16/25
  9267 | D:8      | Reached ** piety under Vehumet
  9267 | D:8      | Offered knowledge of Kiss of Death by Vehumet.
  9578 | D:8      | Noticed Maggie
  9604 | D:8      | Killed Maggie
 10024 | D:8      | Identified the +7 long sword "Rypsih" {elec, rC+ rN+}
 11113 | D:9      | Noticed a cyclops
 11163 | D:10     | Entered Level 10 of the Dungeon
 11163 | D:10     | Found a staircase to the Lair.
 11167 | D:10     | Noticed a six-headed hydra
 11455 | D:10     | Offered knowledge of Volatile Blastmotes by Vehumet.
 11515 | D:10     | Learned a level 3 spell: Volatile Blastmotes
 11552 | D:10     | Killed a six-headed hydra
 11553 | D:10     | Reached skill level 1 in Fire Magic
 11722 | D:10     | Noticed a two-headed ogre
 11730 | D:10     | Killed a two-headed ogre
 11928 | D:10     | Reached *** piety under Vehumet
 11935 | D:10     | Learned a level 5 spell: Arcjolt
 12261 | D:10     | Found a runed translucent door.
 12261 | D:10     | Noticed dvd2's ghost (journeyman GrFi)
 12652 | D:11     | Reached XP level 12. HP: 92/92 MP: 18/26
 12700 | D:11     | Found a staircase to the Orcish Mines.
 12795 | D:11     | Found a frozen archway.
 12962 | IceCv    | Entered an ice cave
 13025 | IceCv    | Offered knowledge of Mephitic Cloud by Vehumet.
 13237 | IceCv    | Learned a level 4 spell: Fulminant Prism
 13383 | IceCv    | Reached **** piety under Vehumet
 13388 | IceCv    | Offered knowledge of Lee's Rapid Deconstruction by Vehumet.
 13403 | IceCv    | Learned a level 5 spell: Lee's Rapid Deconstruction
 13750 | IceCv    | Noticed a frost giant
 13751 | IceCv    | Noticed a death yak
 14343 | IceCv    | Killed a frost giant
 14344 | IceCv    | Reached skill level 10 in Fighting
 14624 | IceCv    | Reached XP level 13. HP: 92/103 MP: 13/29
 14944 | IceCv    | Reached skill level 5 in Armour
 15026 | IceCv    | Got the Compilation of the Sweltering Escort
 15249 | D:11     | Reached skill level 5 in Dodging
 15278 | D:11     | Learned a level 4 spell: Summon Lightning Spire
 15567 | D:11     | Noticed Urug
 15588 | D:11     | Killed Urug
 15959 | Lair:1   | Entered Level 1 of the Lair of Beasts
 15975 | Lair:1   | Noticed a minotaur
 15987 | Lair:1   | Noticed u553311's ghost (journeyman MiCK)
 16003 | Lair:1   | Found a runed translucent gate.
 16003 | Lair:1   | Found a runed translucent gate.
 16003 | Lair:1   | Found a runed translucent gate.
 16097 | Lair:1   | Found a gate leading to a gauntlet.
 16209 | Gauntlet | Entered a Gauntlet
 16209 | Gauntlet | Found a transporter.
 16237 | Gauntlet | Found a transporter.
 16252 | Gauntlet | Found a transporter.
 16257 | Gauntlet | Found a transporter.
 16257 | Gauntlet | Noticed an eight-headed hydra
 16272 | Gauntlet | Found a transporter.
 16291 | Gauntlet | Found a transporter.
 16303 | Gauntlet | Found a transporter.
 16315 | Gauntlet | Found a transporter.
 16327 | Gauntlet | Found a transporter.
 16335 | Gauntlet | Found a large runed translucent door.
 16335 | Gauntlet | Noticed a green death
 16336 | Gauntlet | Found a large runed translucent door.
 16337 | Gauntlet | Found a large runed translucent door.
 16337 | Gauntlet | Found a large runed translucent door.
 16338 | Gauntlet | Found a runed translucent gate.
 16339 | Gauntlet | Found a transporter.
 16339 | Gauntlet | Found a runed translucent gate.
 16340 | Gauntlet | Found a runed translucent gate.
 16341 | Gauntlet | Found a large runed translucent door.
 16341 | Gauntlet | Found a large runed translucent door.
 16342 | Gauntlet | Found a large runed translucent door.
 16343 | Gauntlet | Found a large runed translucent door.
 16352 | Gauntlet | Found a large runed translucent door.
 16352 | Gauntlet | Found a large runed translucent door.
 16352 | Gauntlet | Found a runed translucent door.
 16352 | Gauntlet | Found a runed translucent door.
 16353 | Gauntlet | Found a large runed translucent door.
 16354 | Gauntlet | Found a large runed translucent door.
 16356 | Gauntlet | Found a transporter.
 16364 | Gauntlet | Found a large runed translucent door.
 16364 | Gauntlet | Found a large runed translucent door.
 16365 | Gauntlet | Found a large runed translucent door.
 16366 | Gauntlet | Found a large runed translucent door.
 16374 | Gauntlet | Found a transporter.
 16376 | Gauntlet | Found a transporter.
 16401 | Gauntlet | Found a transporter.
 16403 | Gauntlet | Found a transporter.
 16423 | Gauntlet | Found a transporter.
 16501 | Gauntlet | Found a transporter.
 16521 | Gauntlet | Found a transporter.
 16880 | Gauntlet | Killed an eight-headed hydra
 16881 | Gauntlet | Reached skill level 1 in Summonings
 16908 | Gauntlet | Identified the ring "Zongiopp" {*Slow rPois rF+ Int-3 SInv}
 16919 | Gauntlet | Identified the +3 falchion of Rotation {flame, rElec rCorr}
 16919 | Gauntlet | Noticed a minotaur
 16932 | Gauntlet | Demolished by a minotaur

Illustrated notes

Levels and vault maps discovered:
D:1:      dpeg_arrival_rooms_a, layout_loops_ring, st_stairs_7
D:2:      layout_basic, serial_park_tiny_pond, minmay_vboxes, uniq_terence,
          uniq_jessica
D:3:      layout_basic, uniq_crazy_yiuf_cottage
D:4:      layout_loops_ring, kiku_gazebo_pond_becter, uniq_eustachio
D:5:      layout_basic, jmf_multi_god_temple, amcnicky_altar_gilded
D:6:      layout_cave_pods, serial_shops, nicolae_shop_bloodbath_and_beyond
D:7:      layout_basic, nicolae_hepliaklqana_hippocampus,
          minmay_temple_entry_statues_pillars
D:8:      layout_basic, enter_bailey_5, hangedman_decor_slide_cut, uniq_maggie
D:9:      layout_cave_pools, minmay_fractal_squares_gapless_7
D:10:     layout_loops_cross, david_lair_generic, gammafunk_ghost_grave,
          minmay_misc_feat_columns
D:11:     layout_roguey, orc_0_dummy, portal_ice_cave_demonic_guard, uniq_urug
Temple:   sentei_temple_godly_chess
Lair:1:   layout_cave_pods, maelrawn_ghost_gauntlet_escape,
          gauntlet_entry_generic, minivault_24, infiniplex_staircase_pool,
          lemuel_fruit_fields, uniq_amaemon
Gauntlet: gammafunk_gauntlet_one_two_three [gammafunk_gauntlet_arena_grid,
          nicolae_gauntlet_arena_grate_2, gammafunk_gauntlet_arena_hedges,
          gammafunk_gauntlet_arena_split_diamond,
          gammafunk_gauntlet_arena_mazey, nicolae_gauntlet_arena_quarters,
          gammafunk_gauntlet_arena_teeth, nicolae_gauntlet_arena_flowing_pool,
          minmay_gauntlet_arena_make_your_own_arena, gauntlet_exit_watery]

Skill      XL: |  1  2  3  4  5  6  7  8  9 10 11 12 13 |
---------------+----------------------------------------+-----
Spellcasting   | 3 4 5 6 8 10 12 | 12.8
Conjurations   | 5 6 7 8 10 11 12 | 12.9
Fighting       | 3 5 8 10 | 10.0
Translocations | 2 |  2.0
Armour         | 3 4 5 |  5.0
Dodging        | 3 5 |  5.0
Fire Magic     | 2 |  2.0
Summonings     | 1 |  1.2
Stealth        | |  2.0

Action                     |  1- 3 |  4- 6 |  7- 9 | 10-12 | 13-15 || total
---------------------------+-------+-------+-------+-------+-------++-------
  Melee: Unarmed           |     6 |    12 |       |       |       ||    18
         Broad axe         |       |     3 |       |       |       ||     3
         Mace              |       |     4 |    18 |    85 |       ||   107
         Long sword        |       |       |       |    54 |    34 ||    88
  Throw: Dart              |       |       |       |    15 |       ||    15
         Throwing net      |       |       |       |     1 |     1 ||     2
   Cast: Magic Dart        |    61 |    57 |   127 |    76 |       ||   321
         Searing Ray       |       |     8 |    23 |    62 |    13 ||   106
         Iskenderun's Myst |       |       |     3 |   101 |    45 ||   149
         Tukima's Dance    |       |       |       |     3 |     2 ||     5
         Arcjolt           |       |       |       |    10 |    11 ||    21
         Volatile Blastmot |       |       |       |     4 |     2 ||     6
         Fulminant Prism   |       |       |       |    14 |     1 ||    15
         Lee's Rapid Decon |       |       |       |     1 |       ||     1
  Evoke: Wand              |       |       |       |    10 |     1 ||    11
         Box of beasts     |       |       |       |     2 |     1 ||     3
         Lightning rod     |       |       |       |       |     1 ||     1
    Use: Scroll            |       |       |     7 |     5 |     2 ||    14
         Potion            |       |       |       |     2 |       ||     2
   Stab: Sleeping          |       |       |       |     1 |       ||     1
 Armour: Robe              |     1 |       |    11 |       |       ||    12
         Steam dragon scal |       |       |     6 |    89 |    34 ||   129
  Dodge: Dodged            |     6 |    15 |    27 |   266 |    77 ||   391
